 Dungeon Crawl Stone Soup version 0.31-a0-182-gc5ef74b (webtiles) character file.

Game seed: 7192553128393957411

14914 Dawnplanks the Brawler (level 11, -1/105 HPs)
             Began as a Troll Berserker on June 20, 2023.
             Was an Elder of Trog (penitent).
             Slain by a two-headed ogre
             ... wielding a +0 giant spiked club
             ... created by the rage of Trog
              (23 damage)
             ... on level 10 of the Dungeon.
             The game lasted 00:27:01 (7546 turns).

Dawnplanks the Brawler (Troll Berserker)            Turns: 7546, Time: 00:27:01

Health: -1/105     AC:  7    Str: 31    XL:     11   Next: 95%
Magic:  10/10      EV: 11    Int:  3    God:    Trog [****..]
Gold:   563        SH:  0    Dex:  9    Spells: 5/10 levels left

rFire   . .          .
                       - Unarmed
rCold   . . .        E - orb {mayhem}
rNeg    . . .        I - +0 troll leather armour
rPois   .            (helmet restricted)
rElec   .            M - +0 cloak {Will+}
rCorr   .            (gloves unavailable)
SInv    .            (boots unavailable)
Will    +....        s - amulet of regeneration
Stlth   +            (no ring)
HPRegen 2.77/turn    (no ring)
MPRegen 0.12/turn

%: mayhem
@: mighty, about to teleport, invisible
A: large, unfitting armour, claws 3, regeneration 1, shaggy fur 1, tough skin 1
a: Renounce Religion


You were on level 10 of the Dungeon.
You worshipped Trog.
Trog was demanding penance.
You visited 2 branches of the dungeon, and saw 12 of its levels.

You collected 563 gold pieces.

Inventory:

Hand Weapons
 d - a +0 orcbow
 m - a +3 flail of protection
 A - a +0 giant spiked club
 G - a +0 shortbow
Missiles
 n - 5 atropa-tipped darts
 o - 44 stones
 v - 11 boomerangs (quivered)
 B - 2 throwing nets
Armour
 h - +0 steam dragon scales
 q - a scarf of invisibility
 E - an orb of mayhem (worn)
 I - a +0 troll leather armour (worn)
 M - a +0 cloak of willpower (worn)
Jewellery
 s - an amulet of regeneration (around neck)
 J - a ring of protection from cold
Wands
 r - a wand of flame (15)
 z - a wand of charming (11)
 D - a wand of light (13)
 L - a wand of iceblast (16)
Scrolls
 c - 4 scrolls of fear {unknown}
 e - 3 scrolls of enchant armour {unknown}
 f - 5 scrolls of teleportation
 i - 2 scrolls of poison {unknown}
 p - 2 scrolls of blinking {unknown}
 t - a scroll of enchant weapon {unknown}
 w - a scroll of silence {unknown}
 y - a scroll of amnesia {unknown}
 F - 2 scrolls of fog {unknown}
 H - a scroll of brand weapon {unknown}
Potions
 b - 3 potions of lignification
 j - 3 potions of curing
 k - a potion of enlightenment
 l - a potion of cancellation
 u - a potion of berserk rage
 C - 2 potions of brilliance
 N - a potion of ambrosia {unknown}
 O - a potion of mutation {unknown}
Miscellaneous
 K - a tin of tremorstones (2/2)


   Skills:
 + Level 5.6 Fighting
 + Level 4.0 Throwing
 + Level 4.0 Armour
 + Level 7.7 Dodging
 + Level 15.0 Unarmed Combat


You had 5 spell levels left.
You knew the following spells:

 Your Spells              Type           Power      Damage    Failure   Level
a - Blade Hands           Tmut           0%         N/A       100%        5

Your spell library contained the following spells:

 Spells                   Type           Power      Damage    Failure   Level
 Ensorcelled Hibernation  Hex/Ice        0%         N/A       71%         2
 Portal Projectile        Hex/Tloc       0%         N/A       90%         3
 Spider Form              Tmut/Pois      0%         N/A       90%         3
 Tukima's Dance           Hex            0%         N/A       90%         3
 Anguish                  Hex/Necr       0%         N/A       100%        4
 Olgreb's Toxic Radiance  Pois           0%         N/A       100%        4
 Discord                  Hex            0%         N/A       100%        8
 Ignition                 Fire           0%         3d3       100%        8


Dungeon Overview and Level Annotations

Branches:
Dungeon (11/15)            Temple (1/1) D:5            Lair (0/5) D:10
    Orc: D:9-12

Altars:
Ashenzari
Cheibriados
Dithmenos
Elyvilon
Fedhas
Gozag
Hepliaklqana
Kikubaaqudgha
Makhleb
Nemelex Xobeh
Okawaru
Qazlal
Ru
Sif Muna
Trog
Uskayaw
Vehumet
Wu Jian
Xom
Yredelemnul
Zin
The Shining One

Shops:
D:7 [

Annotations:
D:9 3 runed translucent doors, MrDizzy's ghost, novice GrTm


Innate Abilities, Weirdness & Mutations

You are too large for most types of armour.
You have claws for hands.
Your natural rate of healing is unusually fast.
You are covered in fur. (AC +1)
You have tough skin. (AC +1)


Message History

The polar bear barely misses you. The polar bear closely misses you.
The polar bear claws you. The black bear bites you.
The black bear claws you but does no damage.
The black bear misses you. The polar bear bites you. The polar bear claws you.
The polar bear closely misses you. The black bear barely misses you.
The black bear claws you. The black bear barely misses you.
The two-headed ogre completely misses you.
The two-headed ogre closely misses you. The polar bear completely misses you.
The polar bear claws you but does no damage.
The polar bear completely misses you.
Okay, then.
Unknown command.
Okay, then.
You mangle the two-headed ogre!!
The two-headed ogre is moderately wounded.
The black bear bites you. The black bear claws you.
The black bear closely misses you. The polar bear bites you!!
The polar bear claws you.
The polar bear claws you but does no damage.
The polar bear bites you but does no damage.
The polar bear closely misses you.
The polar bear claws you but does no damage.
You mangle the two-headed ogre!!
The two-headed ogre is severely wounded.
The two-headed ogre barely misses you. The two-headed ogre closely misses you.
The black bear rages.
The black bear bites you.
* * * LOW HITPOINT WARNING * * *
The black bear barely misses you. x3; The black bear closely misses you.
The black bear misses you. The polar bear closely misses you. x2
The polar bear claws you but does no damage.
The polar bear closely misses you. The polar bear claws you.
* * * LOW HITPOINT WARNING * * *
The polar bear claws you.
* * * LOW HITPOINT WARNING * * *
As you read the scroll of teleportation, it crumbles to dust.
You feel strangely unstable. The yak gores you but does no damage.
The two-headed ogre misses you.
The two-headed ogre hits you with a +0 giant club!!
You die...

#.# ##...## #....)..)..# ##.#
##########.######.## ###..###
##......## #.# .......#
##........## #.# ....##.#
#..........# #.#
..####.#####..........###.###
#................Y..........#
##########..!..hYOh.....>...#
##....Y@hY.........#
###..hhY..........#
##........#......#
#................#
#..........#######
#..........# #..........#
#..........# ##.....[..##


You could see a two-headed ogre (berserk, unable to see you), 2 polar bears, 5
yaks and 3 black bears.

Vanquished Creatures
  A centaur warrior (D:10)
  3 two-headed ogres
  A skeletal warrior (D:9)
  Pikel (D:6)
  2 cyclopes (D:10)
  An elephant (D:10)
  Maurice (D:8)
  An unseen horror (D:10)
  2 trolls (D:10)
  Grinder (D:3)
  4 wyverns
  15 yaks
  A shadow (D:9)
  A basilisk (D:10)
  5 wraiths
  Eustachio (D:6)
  Menkaure (D:6)
  5 steam dragons
  An acid dragon (D:10)
  Duvessa (D:4)
  2 water moccasins
  An ice beast (D:6)
  3 black bears
  3 ogres
  3 orc warriors
  2 centaurs
  A kobold brigand (D:7)
  2 phantoms (D:6)
  5 bullfrogs
  5 scorpions
  5 wights
  Dowan (D:4)
  9 killer bees (D:9)
  2 howler monkeys (D:10)
  3 hounds
  A jelly (D:7)
  Crazy Yiuf (D:2)
  A gnoll bouda (D:5)
  7 orc priests
  Jessica (D:3)
  4 iguanas
  9 orc wizards
  Terence (D:2)
  11 adders
  7 gnolls
  A shadow imp (D:8)
  3 worms
  13 dart slugs
  31 orcs
  6 ball pythons
  8 endoplasms
  2 giant cockroaches
  3 hobgoblins
  2 jackals (D:2)
  3 quokkas
  5 bats
  3 frilled lizards
  5 goblins
  11 kobolds
  4 rats
  2 butterflies (D:5)
241 creatures vanquished.

Vanquished Creatures (collateral kills)
  2 yaks
  An orc warrior (D:8)
  3 centaurs (D:11)
  2 killer bees (D:9)
  A jelly (D:8)
  An orc priest (D:8)
  2 orc wizards (D:8)
  3 orcs (D:8)
15 creatures vanquished.

Vanquished Creatures (others)
  A yak (D:9)
1 creature vanquished.

Grand Total: 257 creatures vanquished

Notes
Turn   | Place    | Note
-------+----------+-------------------------------------------
     0 | D:1      | Dawnplanks the Troll Berserker began the quest for the Orb.
     0 | D:1      | Reached XP level 1. HP: 22/22 MP: 0/0
   194 | D:1      | Reached XP level 2. HP: 29/29 MP: 1/1
   728 | D:2      | Reached XP level 3. HP: 34/36 MP: 2/2
   731 | D:2      | Reached ** piety under Trog
  1049 | D:2      | Found a runed translucent door.
  1050 | D:2      | Noticed Crazy Yiuf
  1058 | D:2      | Killed Crazy Yiuf
  1059 | D:2      | Reached XP level 4. HP: 45/45 MP: 3/3
  1210 | D:2      | Reached skill level 4 in Unarmed Combat
  1388 | D:2      | Noticed Terence
  1392 | D:2      | Killed Terence
  1788 | D:3      | Reached XP level 5. HP: 53/53 MP: 4/4
  1803 | D:3      | Noticed Grinder
  1817 | D:3      | Paralysed by Grinder for 4 turns
  1827 | D:3      | Killed Grinder
  1828 | D:3      | Reached skill level 5 in Unarmed Combat
  1828 | D:3      | Reached XP level 6. HP: 26/61 MP: 5/5
  1982 | D:3      | Noticed Jessica
  1998 | D:3      | Killed Jessica
  2236 | D:4      | Noticed Dowan
  2237 | D:4      | Noticed Duvessa
  2253 | D:4      | Reached skill level 6 in Unarmed Combat
  2263 | D:4      | Killed Duvessa
  2264 | D:4      | Reached XP level 7. HP: 47/67 MP: 6/6
  2765 | D:4      | Reached *** piety under Trog
  2768 | D:4      | Killed Dowan
  2841 | D:4      | Reached skill level 7 in Unarmed Combat
  2878 | D:4      | Reached skill level 1 in Throwing
  3321 | D:5      | Entered Level 5 of the Dungeon
  3470 | D:5      | Reached XP level 8. HP: 69/78 MP: 7/7
  3601 | D:5      | Found a staircase to the Ecumenical Temple.
  3611 | Temple   | Entered the Ecumenical Temple
  3804 | D:6      | Identified the +0 spear of Melee {flame, Dex+3}
  3827 | D:6      | Reached skill level 8 in Unarmed Combat
  3860 | D:6      | Noticed Menkaure
  3867 | D:6      | Killed Menkaure
  4061 | D:6      | Noticed Eustachio
  4080 | D:6      | Killed Eustachio
  4092 | D:6      | Reached skill level 5 in Dodging
  4092 | D:6      | Reached skill level 9 in Unarmed Combat
  4233 | D:6      | Reached XP level 9. HP: 78/85 MP: 8/8
  4355 | D:6      | Noticed Pikel
  4384 | D:6      | Killed Pikel
  4385 | D:6      | Reached skill level 10 in Unarmed Combat
  4863 | D:7      | Found Guocs's Armour Shop.
  4950 | D:7      | Found a glowing silver altar of Zin.
  4950 | D:7      | Found an ornate altar of the Wu Jian Council.
  5104 | D:7      | Reached **** piety under Trog
  5128 | D:7      | Reached skill level 11 in Unarmed Combat
  5564 | D:8      | Reached XP level 10. HP: 94/94 MP: 9/9
  5569 | D:8      | You fall into a shaft and drop 3 floors!
  5624 | D:11     | Reached skill level 5 in Fighting
  5674 | D:10     | Entered Level 10 of the Dungeon
  5771 | D:10     | Noticed a two-headed ogre
  5783 | D:10     | Killed a two-headed ogre
  5784 | D:10     | Reached skill level 12 in Unarmed Combat
  5879 | D:10     | Reached skill level 13 in Unarmed Combat
  5939 | D:10     | Noticed a cyclops
  5941 | D:10     | Noticed a two-headed ogre
  5955 | D:10     | Killed a two-headed ogre
  5958 | D:10     | Killed a cyclops
  5959 | D:10     | Reached skill level 1 in Armour
  5959 | D:10     | Reached XP level 11. HP: 104/104 MP: 10/10
  6059 | D:9      | Found a runed translucent gate.
  6065 | D:9      | Found a runed translucent gate.
  6066 | D:9      | Found a runed translucent gate.
  6066 | D:9      | Found an opulent altar of Gozag.
  6067 | D:9      | Noticed MrDizzy's ghost (novice GrTm)
  6068 | D:9      | Noticed a two-headed ogre
  6245 | D:9      | Found a basalt altar of Yredelemnul.
  6350 | D:8      | Noticed Maurice
  6377 | D:8      | Killed Maurice
  6410 | D:8      | Reached skill level 14 in Unarmed Combat
  6719 | D:9      | Noticed a two-headed ogre
  6722 | D:9      | Killed a two-headed ogre
  6896 | D:9      | Noticed a skeletal warrior
  6896 | D:9      | Found the +5 scythe "Finisher" {speed, execute}
  6912 | D:9      | Killed a skeletal warrior
  7263 | D:10     | Was placed under penance by Trog
  7269 | D:10     | Learned a level 5 spell: Blade Hands
  7352 | D:10     | Noticed a centaur warrior
  7362 | D:10     | Killed a centaur warrior
  7419 | D:10     | Reached skill level 15 in Unarmed Combat
  7451 | D:10     | Found a staircase to the Lair.
  7541 | D:10     | Noticed a two-headed ogre
  7546 | D:10     | Slain by a two-headed ogre

Illustrated notes

Levels and vault maps discovered:
D:1:      lightli_arrival_statue_moat, layout_basic
D:2:      minmay_chambers_of_ones, layout_loops_ring, uniq_crazy_yiuf_cottage,
          uniq_terence
D:3:      layout_basic, serial_bayou, serial_bayou_shore_a,
          serial_bayou_lagoon_a, serial_bayou_pond_a, serial_bayou_crossing,
          uniq_jessica, uniq_grinder
D:4:      kennysheep_slugbush, layout_basic, uniq_duvessa
D:5:      layout_cave_pools, minmay_temple_entry_butterflies
D:6:      kennysheep_spiral_hall, layout_basic, minmay_misc_feat_hallway,
          corexii_item_surrounded_by_moat, uniq_menkaure, uniq_eustachio,
          uniq_pikel
D:7:      layout_loops_ring, amethyst_overflow_temple_binary, serial_shops,
          nicolae_shop_hallway_plus
D:8:      layout_rooms, uniq_maurice
D:9:      layout_rooms, yredelemnul_altar_generic, ebering_ghost_gozag,
          grunt_ministairs_11, minmay_guarded_unrand_finisher
D:10:     layout_rooms, david_lair_generic, nzn_random_ring
D:11:     layout_cave_pods
Temple:   hellmonk_temple_of_storms

Skill      XL: |  1  2  3  4  5  6  7  8  9 10 11 |
---------------+----------------------------------+-----
Fighting       | 3 4 5 |  5.6
Dodging        | 3 4 5 6 7 |  7.7
Unarmed Combat | 4 5 6 7 9 11 13 15 | 15.0
Throwing       | 2 3 4 |  4.0
Armour         | 1 4 |  4.0

Action                     |  1- 3 |  4- 6 |  7- 9 | 10-12 || total
---------------------------+-------+-------+-------+-------++-------
  Melee: Unarmed           |    72 |    89 |   284 |   258 ||   703
         Punch             |     1 |     1 |     9 |       ||    11
  Throw: Stone             |       |     1 |    17 |       ||    18
         Boomerang         |       |       |    35 |     4 ||    39
 Invoke: Berserk           |     2 |     3 |     4 |     2 ||    11
         Trog's Hand       |       |     3 |     4 |     2 ||     9
         Brothers in Arms  |       |       |       |     1 ||     1
    Use: Scroll            |       |       |     7 |     4 ||    11
         Potion            |       |       |     1 |     5 ||     6
   Stab: Distracted        |     1 |       |       |       ||     1
         Sleeping          |       |       |     1 |       ||     1
 Armour: Animal skin       |    24 |    22 |    81 |     4 ||   131
         Skin              |       |       |     3 |       ||     3
         Troll leather arm |       |       |       |    67 ||    67
  Dodge: Dodged            |    26 |    27 |   141 |   137 ||   331

Table legend: (Time is in decaauts)
 A = Elapsed time spent in this place.
 B = Non-inter-level travel time spent in this place.
 C = Inter-level travel time spent in this place.
 D = Time resting spent in this place.
 E = Time spent auto-exploring this place.
 F = Levels seen in this place.
 G = Mean time per level.
                   A        B        C        D        E       F      G
               +--------+--------+--------+--------+--------+-----+--------+
         Total |   7555 |   6913 |    642 |    110 |   5166 |  12 |  629.6 |
       Dungeon |   7515 |   6879 |    636 |    110 |   5148 |  11 |  683.2 |
        Temple |     39 |     33 |      6 |      0 |     18 |   1 |   39.0 |
               +--------+--------+--------+--------+--------+-----+--------+

Top non-repeatable levels by time:
     D:6: 1023 daAuts
     D:2: 990 daAuts
     D:3: 877 daAuts
     D:4: 877 daAuts
    D:10: 798 daAuts
     D:7: 735 daAuts
     D:1: 628 daAuts
     D:9: 587 daAuts
     D:5: 437 daAuts
     D:8: 430 daAuts
    D:11: 128 daAuts
  Temple: 39 daAuts
